 Dungeon Sprint DCSS version 0.24.1-14-gf8d2b509d9 (webtiles) character file.

Game seed: 12837622441854350820, levelgen mode: deterministic

6375 Baz the Thaumaturge (level 10, -4/80 HPs)
             Began as a Barachi Fire Elementalist on Oct 2, 2020.
             Was the Champion of Cheibriados.
             Slain by Dowan
             ... wielding a +2 morningstar of distortion
              (9 damage)
             ... in the Dungeon (Sprint III: "The Ten Rune Challenge").
             The game lasted 00:11:30 (1909 turns).

Baz the Thaumaturge (Barachi Fire Elementalist)     Turns: 1909, Time: 00:11:30

Health: -4/80      AC:  2    Str: 24    XL:     10   Next: 97%
Magic:  2/28       EV: 10    Int: 34    God:    Cheibriados [******]
Gold:   42         SH:  0    Dex: 28    Spells: 22/38 levels left

rFire    . . .     SeeInvis .   (no weapon)
rCold    . . .     Gourm    .   (no shield)
rNeg     . . .     Faith    .   a - +0 robe
rPois    .         Spirit   .   (no helmet)
rElec    .         Reflect  .   (no cloak)
rCorr    .         Harm     .   (no gloves)
MR       .....     NoTele   +   (no boots)
Stlth    +++.......             (no amulet)
HPRegen  0.23/turn              (no ring)
MPRegen  0.21/turn              (no ring)

@: lethally poisoned (-4 -> -7), flying, held, slowed, very slow
A: +LOS, swims, mutation resistance 1, slowness 1, strong legs 1
a: Hop, Bend Time, Temporal Distortion, Slouch, Step From Time, Renounce
Religion


You were in the Dungeon.
You worshipped Cheibriados.
Cheibriados was exalted by your worship.
You were hungry.

You visited 1 branch You collected 42 gold pieces.

Inventory:

Missiles
 b - 5 boomerangs (quivered)
Armour
 a - a +0 robe (worn)
Scrolls
 k - a scroll of amnesia {unknown}
 m - a scroll of holy word {unknown}
 n - 3 scrolls of identify
 o - 3 scrolls of remove curse
Potions
 f - a potion of haste
 h - a potion of berserk rage
 j - a potion of flight
 p - a potion of might
 q - a potion of brilliance {unknown}
Comestibles
 c - 11 rations


   Skills:
 - Level 7.7 Fighting
 + Level 7.7 Dodging
 - Level 1.7 Stealth
 + Level 14.9 Spellcasting
 - Level 11.5 Conjurations
 - Level 11.9 Fire Magic
 * Level 10.2 Invocations


You had 22 spell levels left.
You knew the following spells:

 Your Spells              Type           Power        Failure   Level  Hunger
a - Flame Tongue          Conj/Fire      #####        0%          1    None
b - Throw Flame           Conj/Fire      ######       1%          2    None
c - Conjure Flame         Conj/Fire      #######.     1%          3    None
d - Sticky Flame          Conj/Fire      #######.     1%          4    None
e - Fireball              Conj/Fire      #######...   1%          5    None
f - Apportation           Tloc           ####..       1%          1    None

Your spell library contained the following spells:

 Spells                   Type           Power        Failure   Level  Hunger
 Animate Skeleton         Necr           N/A          1%          1    None
 Confusing Touch          Hex            ####..       1%          1    None
 Summon Small Mammal      Summ           ####         1%          1    None
 Inner Flame              Hex/Fire       ######..     1%          3    None


Dungeon Overview and Level Annotations

Branches:
Dungeon (1/1)

Altars:
Cheibriados
Dithmenos
Elyvilon
Fedhas
Gozag
Hepliaklqana
Kikubaaqudgha
Makhleb
Nemelex Xobeh
Okawaru
Qazlal
Ru
Sif Muna
Trog
Uskayaw
Vehumet
Wu Jian
Xom
Yredelemnul
Zin
The Shining One
Beogh
Jiyva
Lugonu

Annotations:
D Dowan


Innate Abilities, Weirdness & Mutations

Shadows flee at your approach. (+LOS)
You can swim through water.
You cover ground slowly.
You can hop short distances.
You are somewhat resistant to further mutation.


Message History

* * * LOW HITPOINT WARNING * * *
Unknown command.
Unknown command.
Unknown command.
Unknown command.
Unknown command.
It was a potion of flight.
You feel very buoyant.
You fly up into the air.
Dowan completely misses you.
Dowan hits you with a +2 morningstar of distortion.
* * * LOW HITPOINT WARNING * * *
Space bends around you.
* * * LOW HITPOINT WARNING * * *
Okay, then.
Okay, then.
As you read the scroll labeled ZIL QOEKHLIVIL, it crumbles to dust.
The creatures around you are filled with an inner flame!
It was a scroll of immolation.
You feel sick.
Dowan blinks!
Dowan hits you with a +2 morningstar of distortion!
You die...

#+###########################
#....#.#.#..).)#^..^^.'†..≈≈#
##.#))#.##.###.#(.^...#...≈≈###
'##.#.#.##)#..##......#..†≈≈≈≈#
#..)#..#..##..'..^....#..††≈†≈#
▓▓▓▓▓▓▓▓▓▓▓▓▓▓#.......#...†...#
........≈≈≈...#......^#.....††#
≈≈≈≈≈≈≈≈≈≈♣♣P.'.^§....#......†#
♣♣♣♣♣♣♣♣♣♣♣♣PP#^@e....#########
♣♣♣##)###### ... #...# #...#
#####


You could see Dowan (inner flame).

Vanquished Creatures
  Erolcha (D)
  A deep elf mage (D)
  2 spiny frogs (D)
  Duvessa (D)
  A komodo dragon (D)
  3 wandering mushrooms (D)
  A queen bee (D)
  A shadow (D)
  2 redbacks (D)
  A spatial vortex (D)
  A necrophage (D)
  5 two-headed ogres (D)
  A water elemental (D)
  32 killer bees (D)
  A jelly (D)
  A wizard (D)
  Jessica (D)
  A necromancer (D)
  3 humans (D)
  A kobold demonologist (D)
  A wolf (D)
  An ooze (D)
  2 rats (D)
65 creatures vanquished.

Vanquished Creatures (others)
  2 draconian scorchers (D)
  6 hellions (D)
  2 yaktaurs (D)
  A plant (D)
11 creatures vanquished.

Grand Total: 76 creatures vanquished

Notes
Turn   | Place    | Note
-------+----------+-------------------------------------------
     0 | D        | Baz the Barachi Fire Elementalist began the quest for the
                  | Orb.
     0 | D        | Reached XP level 1. HP: 13/13 MP: 3/3
    87 | D        | Killed a hellion
    90 | D        | Noticed Jessica
   100 | D        | Killed Jessica
   100 | D        | Reached skill level 3 in Spellcasting
   100 | D        | Reached skill level 5 in Fire Magic
   100 | D        | Reached XP level 2. HP: 13/19 MP: 0/6
   100 | D        | Reached XP level 3. HP: 17/24 MP: 0/7
   104 | D        | Learned a level 2 spell: Throw Flame
   119 | D        | Killed a hellion
   141 | D        | Killed a hellion
   175 | D        | Killed a hellion
   188 | D        | Killed a hellion
   194 | D        | Learned a level 3 spell: Conjure Flame
   199 | D        | Killed a white draconian scorcher
   230 | D        | Killed a white draconian scorcher
   234 | D        | Reached skill level 4 in Spellcasting
   236 | D        | Killed a yaktaur
   304 | D        | Reached skill level 5 in Conjurations
   304 | D        | Reached XP level 4. HP: 30/30 MP: 8/10
   320 | D        | Gained mutation: Armour fits poorly on your strangely
                  | shaped body. [potion of mutation]
   320 | D        | Gained mutation: Your spells are a little easier to cast,
                  | but a little less powerful. [potion of mutation]
   320 | D        | Gained mutation: You can translocate small distances at
                  | will. [potion of mutation]
   321 | D        | Lost mutation: Your spells are a little easier to cast, but
                  | a little less powerful. [potion of mutation]
   321 | D        | Lost mutation: Armour fits poorly on your strangely shaped
                  | body. [potion of mutation]
   321 | D        | Gained mutation: Your spells are a little easier to cast,
                  | but a little less powerful. [potion of mutation]
   321 | D        | Gained mutation: You are dopey. (Int -2) [potion of
                  | mutation]
   321 | D        | Lost mutation: You are dopey. (Int -2) [potion of mutation]
   322 | D        | Lost mutation: You can translocate small distances at will.
                  | [potion of mutation]
   322 | D        | Lost mutation: Your spells are a little easier to cast, but
                  | a little less powerful. [potion of mutation]
   322 | D        | Gained mutation: You are somewhat resistant to further
                  | mutation. [potion of mutation]
   326 | D        | Noticed a water elemental
   328 | D        | Killed a water elemental
   328 | D        | Reached skill level 5 in Spellcasting
   328 | D        | Reached XP level 5. HP: 35/35 MP: 6/12
   330 | D        | Killed a hellion
   382 | D        | Learned a level 4 spell: Sticky Flame
   383 | D        | Found a hide-covered altar of Uskayaw.
   383 | D        | Found a roughly hewn altar of Beogh.
   383 | D        | Found an iron altar of Okawaru.
   383 | D        | Found a bloodstained altar of Trog.
   383 | D        | Found an ornate altar of the Wu Jian Council.
   383 | D        | Noticed a human
   383 | D        | Noticed a human
   389 | D        | Killed a human
   389 | D        | Reached skill level 7 in Spellcasting
   389 | D        | Reached XP level 6. HP: 29/41 MP: 4/16
   398 | D        | Killed a human
   398 | D        | Reached skill level 8 in Spellcasting
   493 | D        | Learned a level 5 spell: Fireball
   500 | D        | Noticed a shadow
   551 | D        | Killed a shadow
   551 | D        | Reached skill level 9 in Spellcasting
   551 | D        | Reached skill level 10 in Fire Magic
   551 | D        | Reached XP level 7. HP: 46/46 MP: 2/19
   661 | D        | Found a blossoming altar of Fedhas.
   661 | D        | Found a stormy altar of Qazlal.
   661 | D        | Found a snail-covered altar of Cheibriados.
   661 | D        | Found a burning altar of Makhleb.
   661 | D        | Found a shimmering altar of Xom.
   662 | D        | Found a hazy altar of Hepliaklqana.
   662 | D        | Found an opulent altar of Gozag.
   662 | D        | Found a sparkling altar of Nemelex Xobeh.
   662 | D        | Found a corrupted altar of Lugonu.
   662 | D        | Found a viscous altar of Jiyva.
   662 | D        | Noticed a spatial vortex
   680 | D        | Killed a spatial vortex
   680 | D        | Reached skill level 10 in Conjurations
   682 | D        | Became a worshipper of Cheibriados the Contemplative
   757 | D        | Found a basalt altar of Yredelemnul.
   757 | D        | Found a shadowy altar of Dithmenos.
   757 | D        | Found a sacrificial altar of Ru.
   860 | D        | Found a glowing silver altar of Zin.
   860 | D        | Found a glowing golden altar of the Shining One.
   860 | D        | Found a white marble altar of Elyvilon.
   860 | D        | Noticed a deep elf mage
   863 | D        | Killed a deep elf mage
   863 | D        | Reached * piety under Cheibriados
   863 | D        | Reached skill level 10 in Spellcasting
   863 | D        | Reached XP level 8. HP: 52/52 MP: 11/22
   918 | D        | Found a radiant altar of Vehumet.
   918 | D        | Found a shimmering blue altar of Sif Muna.
   918 | D        | Found an ancient bone altar of Kikubaaqudgha.
   919 | D        | Reached ** piety under Cheibriados
   919 | D        | Reached skill level 1 in Fighting
   963 | D        | Reached skill level 1 in Invocations
   963 | D        | Reached skill level 11 in Spellcasting
  1126 | D        | Learned a level 1 spell: Apportation
  1150 | D        | Noticed a two-headed ogre
  1157 | D        | Killed a two-headed ogre
  1157 | D        | Reached *** piety under Cheibriados
  1157 | D        | Reached XP level 9. HP: 44/66 MP: 15/24
  1260 | D        | Noticed a two-headed ogre
  1260 | D        | Noticed Erolcha
  1266 | D        | Killed Erolcha
  1266 | D        | Reached skill level 12 in Spellcasting
  1270 | D        | Killed a two-headed ogre
  1270 | D        | Reached skill level 13 in Spellcasting
  1270 | D        | Reached skill level 5 in Invocations
  1283 | D        | Reached **** piety under Cheibriados
  1482 | D        | Noticed a wandering mushroom
  1486 | D        | Noticed a wandering mushroom
  1496 | D        | Killed a wandering mushroom
  1503 | D        | Noticed a wandering mushroom
  1515 | D        | Killed a wandering mushroom
  1515 | D        | Reached ***** piety under Cheibriados
  1515 | D        | Reached XP level 10. HP: 80/80 MP: 20/27
  1554 | D        | Reached skill level 14 in Spellcasting
  1613 | D        | Noticed a spiny frog
  1613 | D        | Noticed a spiny frog
  1617 | D        | Killed a spiny frog
  1618 | D        | Killed a spiny frog
  1618 | D        | Reached skill level 5 in Dodging
  1763 | D        | Reached ****** piety under Cheibriados
  1774 | D        | Reached skill level 10 in Invocations
  1897 | D        | Noticed Dowan
  1897 | D        | Noticed Duvessa
  1907 | D        | Killed Duvessa
  1909 | D        | Slain by Dowan

Levels and vault maps discovered:
D:        dungeon_sprint_mu [sprint_mu_entry_cave, sprint_mu_temple_rooms,
          sprint_mu_d1_spiders, sprint_mu_d2_genie, sprint_mu_d3_branching,
          sprint_mu_orc_legion, sprint_mu_elf_gauntlet, sprint_mu_hive_nellie,
          sprint_mu_lair_fedhas, sprint_mu_vaults_butterflies,
          sprint_mu_slime_circle, sprint_mu_swamp_cave, sprint_mu_shoals_kraken,
          sprint_mu_blade_basic, sprint_mu_crypt_fortress,
          sprint_mu_tomb_spiral, sprint_mu_vestibule_basic,
          sprint_mu_gehenna_hellfire, sprint_mu_dis_giant,
          sprint_mu_tartarus_statrot, sprint_mu_cocytus_islands, sprint_mu_zot1]

Skill      XL: |  1  2  3  4  5  6  7  8  9 10 |
---------------+-------------------------------+-----
Conjurations   | 4 5 6 8 9 11 | 11.5
Fire Magic     | 5 6 7 8 10 11 | 11.9
Spellcasting   | 3 4 5 7 9 10 11 13 14 | 14.9
Fighting       | 4 7 |  7.7
Invocations    | 3 6 10 | 10.2
Dodging        | 3 7 |  7.7
Stealth        | |  1.7

Action                   |  1- 3 |  4- 6 |  7- 9 | 10-12 || total
-------------------------+-------+-------+-------+-------++-------
Melee: Unarmed           |       |       |       |     1 ||     1
 Cast: Flame Tongue      |    17 |    15 |    66 |     4 ||   102
       Conjure Flame     |       |     3 |     5 |     1 ||     9
       Fireball          |       |     2 |     8 |     8 ||    18
       Throw Flame       |       |     2 |     6 |     5 ||    13
       Sticky Flame      |       |       |     2 |     2 ||     4
Invok: Slouch            |       |       |       |     4 ||     4
 Abil: Hop               |       |       |     1 |       ||     1
  Use: Potion            |       |     4 |     2 |     3 ||     9
       Scroll            |       |       |     1 |     1 ||     2
  Eat: Chunk             |       |       |     2 |     1 ||     3
Armor: Robe              |       |       |       |     2 ||     2
Dodge: Dodged            |     6 |     4 |     8 |    30 ||    48
